 Dungeon Crawl Stone Soup version 0.31.0-12-g77e489cdc1 (webtiles) character file.

Game seed: 5538331102990844876

32 lonewolfV2 the Shield-Bearer (level 3, -2/30 HPs)
             Began as a Formicid Fighter on Feb 13, 2024.
             Slain by a hobgoblin (3 damage)
             ... on level 2 of the Dungeon.
             The game lasted 00:01:29 (827 turns).

lonewolfV2 the Shield-Bearer (Formicid Fighter)      Turns: 827, Time: 00:01:30

Health: -2/30      AC: 10    Str: 20    XL:     3   Next: 45%
Magic:  3/3        EV:  9    Int:  7    God:
Gold:   68         SH:  6    Dex: 15    Spells: 2/2 levels left

rFire   . . .        a - +0 war axe
rCold   . . .        c - +1 buckler
rNeg    . . .        b - +0 scale mail
rPois   .            (helmet unavailable)
rElec   .            (no cloak)
rCorr   .            (no gloves)
SInv    +            (no boots)
Will    .....        (no amulet) Stlth
                     f - +4 ring of protection
HPRegen 0.25/turn    (no ring)
MPRegen 0.08/turn

%: no passive effects
@: no status effects
A: permanent stasis, dig shafts and tunnels, antennae 3, four strong arms
a: Dig, Shaft Self


You were on level 2 of the Dungeon.
You visited 1 branch of the dungeon, and saw 2 of its levels.

You collected 68 gold pieces.

Inventory:

Hand Weapons
 a - a +0 war axe (weapon)
Armour
 b - a +0 scale mail (worn)
 c - a +1 buckler (worn)
Jewellery
 f - a +4 ring of protection (left hand)
 g - a +6 ring of intelligence
Potions
 d - a potion of might
 e - a potion of curing
 h - a potion of enlightenment {unknown}
 i - a potion of mutation {unknown}


   Skills:
 * Level 4.3 Fighting
 - Level 2.0 Axes
 - Level 3.2 Armour
 + Level 4.6 Shields


You had 2 spell levels left.
You didn't know any spells.
Your spell library was empty.

Dungeon Overview and Level Annotations

Branches:
Dungeon (2/15)

Altars:


Innate Abilities, Weirdness & Mutations

You cannot be hasted, slowed, berserked, paralysed or teleported.
You can dig through walls and to a lower floor.
You have a pair of large antennae on your head. (SInv)
Your four strong arms can wield two-handed weapons with a shield.


Message History

The ribbon worm bites you.
The hobgoblin hits you but does no damage.
The dart slug bites you but does no damage.
The web tears apart.
The hobgoblin hits you but does no damage.
The ribbon worm expels a string of sticky webbing.
The stream of webbing hits you but does no damage.
You are caught in a web!
The dart slug bites you but does no damage.
You struggle to detach yourself from the web.
The hobgoblin hits you but does no damage.
The ribbon worm bites you but does no damage.
Unknown command.
The web tears apart.
The hobgoblin completely misses you.
The dart slug bites you but does no damage.
You block the ribbon worm's attack.
You hit the ribbon worm but do no damage.
You slash the dart slug! You closely miss the hobgoblin.
You block the hobgoblin's attack. The dart slug bites you.
The ribbon worm closely misses you.
The hobgoblin hits you but does no damage.
Unknown command.
You slash the ribbon worm!
The ribbon worm is heavily wounded.
You hit the dart slug.
You kill the dart slug!
You hit the hobgoblin. You block the hobgoblin's attack.
You block the ribbon worm's attack.
You completely miss the ribbon worm.
The ribbon worm is heavily wounded.
You closely miss the hobgoblin. You block the hobgoblin's attack.
The ribbon worm bites you!
* * * LOW HITPOINT WARNING * * *
The hobgoblin hits you but does no damage.
You barely miss the ribbon worm.
The ribbon worm is heavily wounded.
You closely miss the hobgoblin. The ribbon worm bites you!
* * * LOW HITPOINT WARNING * * *
The hobgoblin hits you.
You die...

#... ... # .. #.#.########
###.#........#
..........?..#
#.###..g.....#
.......@w....#
#######...........# ####..
.....##.......# #
..#.####........#####.#.#
#.#.#..#................#
.##.#.............#..##.#.
.........#...#....##.# #
###<###.####(#....##.##.#
...........)†..#....)...#


You could see a ribbon worm and a hobgoblin.

Vanquished Creatures
  A dart slug (D:2)
  A ribbon worm (D:2)
  A ball python (D:1)
  3 endoplasms
  2 giant cockroaches
  5 goblins
  2 hobgoblins
  2 quokkas (D:1)
  2 bats (D:1)
  3 kobolds (D:1)
  3 rats
25 creatures vanquished.

Notes
Turn   | Place    | Note
-------+----------+-------------------------------------------
     0 | D:1      | lonewolfV2 the Formicid Fighter began the quest for the
                  | Orb.
     0 | D:1      | Reached XP level 1. HP: 18/18 MP: 1/1
    63 | D:1      | Reached XP level 2. HP: 20/24 MP: 2/2
   669 | D:2      | Reached XP level 3. HP: 30/30 MP: 3/3
   827 | D:2      | HP: 1/30 [ribbon worm (7)]
   827 | D:2      | Slain by a hobgoblin

Illustrated notes

Levels and vault maps discovered:
D:1:      ldierk_walled_garden_2, layout_loops_cross
D:2:      layout_basic, minivault_24, uniq_terence

Skill      XL: |  1  2 |
---------------+-------+-----
Fighting       | 4 |  4.3
Axes           | |  2.0
Armour         | |  3.2
Shields        | |  4.6

Action                     || total
---------------------------++-------
  Melee: War axe           ||    59
    Use: Scroll            ||     6
 Armour: Scale mail        ||    82
  Dodge: Dodged            ||    31
  Block: Buckler           ||    27
